 Dungeon Crawl Stone Soup version 0.18.1-8-gdd0e5ea (webtiles) character file.

595 sleepydude the Covered (level 7, -1/61 HPs)
             Began as a Minotaur Fighter on June 1, 2016.
             Slain by a worker ant (3 damage)
             ... on level 4 of the Dungeon.
             The game lasted 00:14:17 (2632 turns).

sleepydude the Covered (Minotaur Fighter)           Turns: 2632, Time: 00:14:18

Health: -1/61      AC:  8    Str: 22    XL:     7   Next: 16%
Magic:  6/6        EV:  9    Int:  5    God:
Gold:   181        SH: 10    Dex: 12    Spells: 0 memorised, 6 levels left

rFire  . . .     SeeInvis .     a - +0 flail
rCold  . . .     Gourm    .     b - +1 scale mail
rNeg   . . .     Faith    .     c - +0 shield
rPois  .         Spirit   .     (helmet restricted)
rElec  .         Dismiss  .     (no cloak)
rCorr  .         Reflect  .     (no gloves)
SustAt .         Harm     .     (no boots)
MR     .....                    (no amulet)
Stlth  ..........               (no ring)
                                k - +2 ring of strength

@: not resistant to hostile enchantments, extremely unstealthy
A: retaliatory headbutt, horns 2, high mp 1, evolution 1
a: no special abilities


You were on level 4 of the Dungeon.
You were completely stuffed.

You visited 1 branch of the dungeon, and saw 4 of its levels.

You collected 181 gold pieces.

Inventory:

Hand Weapons
 a - a +0 flail (weapon)
 o - a +2 hunting sling of flaming
Missiles
 p - 35 stones (quivered)
Armour
 b - a +1 scale mail (worn)
 c - a +0 shield (worn)
 n - a +0 ring mail
Jewellery
 k - a +2 ring of strength (left hand)
Scrolls
 e - 4 scrolls of fog
 g - 2 scrolls of teleportation
 j - 2 scrolls of identify
 l - a scroll of enchant armour
 m - a scroll of blinking
Potions
 d - a potion of might
 i - a potion of cure mutation
Comestibles
 h - 2 meat rations


   Skills:
 + Level 5.1 Fighting
 + Level 4.5 Maces & Flails
 + Level 6.0 Armour
 + Level 3.2 Dodging
 + Level 0.1 Stealth
 + Level 5.5 Shields


You had 6 spell levels left.
You didn't know any spells.

Dungeon Overview and Level Annotations

Branches:
Dungeon (4/15)
 Temple: D:4-7

Altars:
Makhleb
Pakellas
Ru
Zin


Innate Abilities, Weirdness & Mutations

You reflexively headbutt those who attack you in melee.
You have a pair of horns on your head.
You have an increased reservoir of magic (+10% MP).
You evolve.


Message History

You feel sick.
Eat which item? (? for menu, Esc to quit)
You continue eating. x2
* * * LOW HITPOINT WARNING * * *
You feel sick.
You finish eating.
That bread ration really hit the spot!
* * * LOW HITPOINT WARNING * * *
You feel sick.
The worker ant twitches its antennae in your direction.
* * * LOW HITPOINT WARNING * * *
You feel sick.
* * * LOW HITPOINT WARNING * * *
You feel sick.
* * * LOW HITPOINT WARNING * * *
You feel sick.
You are no longer poisoned.
An orc comes into view. It is wielding a dagger.
The orc shouts!
The worker ant bites you.
You die...

###.....# .........#####
#.###.......... # #
#......#### #.# #....(.#
##.###.#.##.#
.....#.#.##.#### # ####.#
#.#.#........
###.#####.a@.#
#......#.####
........#.##.###...........
#........##.....#.####.###
##.###.######.#.#.# .# #.#
##†#.#.. # #.# #....####
#.# #..####.# #.# #..###.#
#.# #..##.###.##


You could see a worker ant.

Vanquished Creatures
  Menkaure (D:4)
  4 scorpions (D:4)
  A hound (D:3)
  An orc priest (D:4)
  Ijyb (D:2)
  2 orc wizards
  A hound skeleton (D:4)
  4 gnolls (D:3)
  5 adders
  An adder skeleton (D:4)
  A worm (D:2)
  A dart slug (D:2)
  2 giant geckos
  4 orcs
  A giant cockroach (D:3)
  6 goblins
  4 hobgoblins
  7 jackals
  3 kobolds
  2 ball pythons (D:3)
  2 bats (D:3)
  5 giant newts
  7 rats
66 creatures vanquished.

Vanquished Creatures (others)
  10 fungi (D:4)
10 creatures vanquished.

Grand Total: 76 creatures vanquished

Notes
Turn   | Place    | Note
--------------------------------------------------------------
     0 | D:1      | sleepydude the Minotaur Fighter began the quest for the Orb.
     0 | D:1      | Reached XP level 1. HP: 19/19 MP: 0/0
   280 | D:1      | Reached XP level 2. HP: 23/27 MP: 1/1
   315 | D:1      | Reached skill level 4 in Armour
   723 | D:2      | You fall through a shaft for 2 floors!
   767 | D:3      | Reached XP level 3. HP: 16/33 MP: 2/2
   808 | D:3      | Reached XP level 4. HP: 26/41 MP: 3/3
   833 | D:3      | Found an oddly glowing altar of Pakellas.
   880 | D:3      | Reached skill level 1 in Dodging
  1172 | D:2      | Noticed Ijyb
  1190 | D:2      | Killed Ijyb
  1190 | D:2      | Reached skill level 5 in Armour
  1190 | D:2      | Reached XP level 5. HP: 40/47 MP: 4/4
  1469 | D:3      | Found a faded altar to an unknown god.
  1507 | D:3      | Gained mutation: You have an increased reservoir of magic (+10% MP). [potion of mutation]
  1507 | D:3      | Gained mutation: Your muscles are strong. (Str +2) [potion of mutation]
  1507 | D:3      | Gained mutation: You evolve. [potion of mutation]
  1806 | D:3      | Noticed an angel
  1807 | D:3      | Found a glowing silver altar of Zin.
  1962 | D:3      | Lost mutation: Your muscles are strong. (Str +2) [evolution]
  2104 | D:4      | Found a sacrificial altar of Ru.
  2217 | D:4      | Reached skill level 5 in Shields
  2252 | D:4      | Found a burning altar of Makhleb.
  2261 | D:4      | Reached XP level 6. HP: 44/53 MP: 5/5
  2360 | D:4      | Noticed Menkaure
  2366 | D:4      | Killed Menkaure
  2378 | D:4      | Reached skill level 5 in Fighting
  2435 | D:4      | Reached XP level 7. HP: 21/61 MP: 6/6
  2589 | D:4      | Reached skill level 6 in Armour
  2602 | D:4      | HP: 3/61 [poisoned by a scorpion]
  2609 | D:4      | HP: 2/61 [poisoned by a scorpion]
  2616 | D:4      | HP: 1/61 [poisoned by a scorpion]
  2624 | D:4      | HP: 1/61 [poisoned by a scorpion]
  2632 | D:4      | Slain by a worker ant

Skill      XL: |  1  2  3  4  5  6  7 |
---------------+----------------------+-----
Armour         | 4 5 6 |  6.0
Fighting       | 4 5 |  5.1
Shields        | 4 5 |  5.5
Dodging        | 1 2 3 |  3.2
Maces & Flails | 3 4 |  4.5
Stealth        | |  0.1

Action                   |  1- 3 |  4- 6 |  7- 9 || total
-------------------------+-------+-------+-------++-------
Melee: Flail             |    71 |   154 |    28 ||   253
       Headbutt          |     6 |    28 |     4 ||    38
  Use: Scroll            |     6 |     3 |       ||     9
       Potion            |     6 |     2 |       ||     8
  Eat: Bread ration      |     1 |       |     1 ||     2
       Pizza             |       |     1 |       ||     1
       Meat ration       |       |     1 |       ||     1
Armor: Scale mail        |    37 |    61 |    13 ||   111
Dodge: Dodged            |    20 |    41 |     7 ||    68
Block: Shield            |    45 |    68 |    16 ||   129
